 Dungeon Crawl Stone Soup version 0.27.1-2-g3b301248ec (webtiles) character file.

Game seed: 8310370681330725659

8614 MisterFreud the Blocker (level 11, -3/89 HPs)
             Began as a Gnoll Fighter on Oct 3, 2021.
             Was a High Priest of Okawaru.
             Slain by Erolcha (19 damage)
             ... on level 10 of the Dungeon.
             The game lasted 00:11:58 (10041 turns).

MisterFreud the Blocker (Gnoll Fighter)            Turns: 10041, Time: 00:11:58

Health: -3/89      AC: 21    Str: 15    XL:     11   Next: 33%
Magic:  18/20      EV: 13    Int: 21    God:    Okawaru [*****.]
Gold:   640        SH: 18    Dex: 11    Spells: 22/22 levels left

rFire    . . .     SeeInvis .   G - +3 rapier (flame)
rCold    . . .     Faith    .   c - +0 kite shield
rNeg     . . .     Spirit   .   b - +0 scale mail
rPois    .         Reflect  +   R - +0 helmet {Int+3}
rElec    .         Harm     .   r - +2 cloak {rCorr}
rCorr    +         Rampage  .   t - +1 pair of gloves
Will     .....                  (no boots)
Stlth    +++.......             I - amulet of reflection
HPRegen  0.24/turn              s - +6 ring of intelligence
MPRegen  0.17/turn              x - +4 ring of protection

@: heroic
A: fangs 1, strong nose, distributed training
a: Renounce Religion, Heroism, Finesse


You were on level 10 of the Dungeon.
You worshipped Okawaru.
Okawaru was extremely pleased with you.
You visited 1 branch of the dungeon, and saw 10 of its levels.

You collected 640 gold pieces.

Inventory:

Hand Weapons
 a - a +0 rapier
 n - a +5 short sword
 G - a +3 rapier of flaming (weapon)
Missiles
 g - 14 poisoned darts (quivered)
 i - 5 javelins
 F - a throwing net
 J - 3 boomerangs
 K - 5 silver boomerangs
 N - a curare-tipped dart
 P - 3 silver javelins
Armour
 b - a +0 scale mail (worn)
 c - a +0 kite shield (worn)
 r - a +2 cloak of preservation (worn)
 t - a +1 pair of gloves (worn)
 w - a +0 helmet
 R - a +0 helmet of intelligence (worn)
Jewellery
 s - a +6 ring of intelligence (left hand)
 x - a +4 ring of protection (right hand)
 I - an amulet of reflection (around neck)
Wands
 e - a wand of paralysis (5)
 u - a wand of flame (41)
 A - a wand of mindburst (4)
 B - a wand of charming (10)
 O - a wand of acid (11)
Scrolls
 f - a scroll of vulnerability {unknown}
 h - 3 scrolls of amnesia
 j - 3 scrolls of teleportation {unknown}
 m - 2 scrolls of fog
 o - a scroll of enchant weapon
 v - 2 scrolls of noise
 y - a scroll of enchant armour {unknown}
 D - a scroll of fear
 L - a scroll of summoning {unknown}
 M - a scroll of silence {unknown}
 Q - a scroll of identify
 S - a scroll of blinking {unknown}
Potions
 d - a potion of might
 k - 3 potions of heal wounds
 l - 7 potions of curing
 p - a potion of mutation
 q - 2 potions of haste
 z - a potion of resistance
 C - a potion of lignification
 E - a potion of cancellation
 H - a potion of flight {unknown}


   Skills:
 + Level 9.1(14.1) Fighting
 + Level 7.8(12.8) Short Blades
 + Level 6.2(11.2) Long Blades
 + Level 6.2(11.2) Axes
 + Level 6.2(11.2) Maces & Flails
 + Level 6.2(11.2) Polearms
 + Level 6.2(11.2) Staves
 + Level 6.2(11.2) Slings
 + Level 6.2(11.2) Bows
 + Level 6.2(11.2) Crossbows
 + Level 6.2(11.2) Throwing
 + Level 9.1(14.1) Armour
 + Level 6.2(11.2) Dodging
 + Level 6.2(11.2) Stealth
 + Level 9.1(14.1) Shields
 + Level 6.2(11.2) Unarmed Combat
 + Level 6.2 Spellcasting
 + Level 5.1 Conjurations
 + Level 5.1 Hexes
 + Level 5.1 Summonings
 + Level 5.1 Necromancy
 + Level 5.1 Translocations
 + Level 5.1 Transmutations
 + Level 5.1 Fire Magic
 + Level 5.1 Ice Magic
 + Level 5.1 Air Magic
 + Level 5.1 Earth Magic
 + Level 5.1 Poison Magic
 + Level 6.8 Invocations
 + Level 6.2 Evocations


You had 22 spell levels left.
You didn't know any spells.
Your spell library contained the following spells:

 Spells                   Type           Power      Damage    Failure   Level
 Corpse Rot               Necr/Air       N/A        N/A       5%          2
 Dazzling Flash           Conj/Hex       56%        N/A       11%         3
 Dispel Undead            Necr           28%        3d13      34%         4
 Iskenderun's Mystic Bla  Conj/Tloc      28%        2d7       34%         4
 Death Channel            Necr           14%        N/A       99%         6
 Starburst                Conj/Fire      14%        6d6       99%         6


Dungeon Overview and Level Annotations

Branches:
Dungeon (10/15)            Temple (0/1) D:5            Lair (0/6) D:9
    Orc: D:9-12

Altars:
Cheibriados
Gozag
Hepliaklqana
Okawaru
Ru
Sif Muna
Uskayaw
Wu Jian
Zin
The Shining One

Shops:
D:4 =   D:9 =

Annotations:
D:10 Erolcha


Innate Abilities, Weirdness & Mutations

You have very sharp teeth.
Your uncanny sense of smell can sniff out nearby items.
Your experience applies equally to all skills.


Message History

Aim: Erolcha, wielding a +0 giant spiked club and wearing a +0 robe (wandering, hasn't noticed you, 74% to hit)
You throw a poisoned dart. The poisoned dart hits Erolcha!
Erolcha is poisoned.
Erolcha drinks a potion.
Erolcha is healed!
Erolcha looks more healthy.
Throw: 19 darts (poison)
Press: ? - help, Q - select action, (/) - cycle Shift-Dir - straight line, f/p - Erolcha
Aim: Erolcha, wielding a +0 giant spiked club and wearing a +0 robe (74% to hit)
You throw a poisoned dart.
The poisoned dart barely misses Erolcha.
Throw: 18 darts (poison)
Press: ? - help, Q - select action, (/) - cycle Shift-Dir - straight line, f/p - Erolcha
Aim: Erolcha, wielding a +0 giant spiked club and wearing a +0 robe (74% to hit)
You throw a poisoned dart. The poisoned dart hits Erolcha.
Erolcha is poisoned.
Throw: 17 darts (poison)
Press: ? - help, Q - select action, (/) - cycle Shift-Dir - straight line, f/p - Erolcha
Aim: Erolcha, wielding a +0 giant spiked club and wearing a +0 robe (poisoned, 74% to hit)
You throw a poisoned dart. The poisoned dart hits Erolcha.
Erolcha looks even sicker.
Unknown command.
Throw: 16 darts (poison)
Press: ? - help, Q - select action, (/) - cycle Shift-Dir - straight line, f/p - Erolcha
Aim: Erolcha, wielding a +0 giant spiked club and wearing a +0 robe (very poisoned, 74% to hit)
You throw a poisoned dart.
The poisoned dart closely misses Erolcha.
Throw: 15 darts (poison)
Press: ? - help, Q - select action, (/) - cycle Shift-Dir - straight line, f/p - Erolcha
Aim: Erolcha, wielding a +0 giant spiked club and wearing a +0 robe (lightly wounded, very poisoned, 74% to hit)
You throw a poisoned dart. The poisoned dart hits Erolcha!
Erolcha looks as sick as possible!
Erolcha is lightly wounded.
Erolcha casts a spell.
Erolcha flickers and vanishes!
Deactivating autopickup; reactivate with Ctrl-A.
You gain the combat prowess of a mighty hero.
You closely miss something. You barely miss something. Something hits you!!
You barely miss something. Something hits you!!
* * * LOW HITPOINT WARNING * * *
You barely miss something. You hit something. You burn something.
Something hits you!!
You die...

#.#####...#
......(<.
##.# #.....(
∆<... ∆
...#(# #..#
#######.#(#
#..#
#........(#
#..#
#.#####.#(#
#..# #.#
#.#{#
###..###.#
#.#@#
.........#
#.#(#
###..#######
#.#(#
#.........
.#..#
###.########
#.### ....#
#.
###........
. #########
##


There were no monsters in sight!

Vanquished Creatures
  4 two-headed ogres
  Nergalle (D:10)
  A troll (D:10)
  Prince Ribbit (D:6)
  Eustachio (D:6)
  3 yaks (D:8)
  2 steam dragons
  4 vampire mosquitoes (D:9)
  Edmund (D:6)
  Menkaure (D:7)
  4 water moccasins
  An orc warrior (D:8)
  A black bear (D:5)
  A sky beast (D:6)
  3 ogres
  A necrophage (D:7)
  4 centaurs
  A phantom (D:7)
  3 kobold brigands
  A bullfrog (D:8)
  A wyvern zombie (D:9)
  2 scorpions
  A water moccasin zombie (D:3)
  A wyvern skeleton (D:6)
  A water moccasin skeleton (D:6)
  12 killer bees
  4 wights (D:8)
  2 howler monkeys (D:7)
  3 centaur zombies
  A bullfrog zombie (D:5)
  4 hounds
  Crazy Yiuf (D:2)
  2 orc priests
  Jessica (D:2)
  A bullfrog skeleton (D:6)
  An iguana (D:2)
  4 orc wizards
  A mummy (D:7)
  A howler monkey zombie (D:9)
  Robin (D:4)
  7 adders
  A shadow imp (D:7)
  A white imp (D:6)
  2 ufetubi
  2 worms
  3 dart slugs
  30 orcs
  8 endoplasms
  A giant cockroach (D:1)
  6 hobgoblins
  2 jackals (D:3)
  2 quokkas
  2 ball pythons
  2 bats
  2 frilled lizards
  16 goblins
  20 kobolds
  2 kobold zombies (D:7)
  2 orc zombies (D:7)
  A quokka skeleton (D:4)
  5 rats
201 creatures vanquished.

Vanquished Creatures (others)
  3 fungi
  2 toadstools (D:7)
5 creatures vanquished.

Grand Total: 206 creatures vanquished

Notes
Turn   | Place    | Note
-------+----------+-------------------------------------------
     0 | D:1      | MisterFreud the Gnoll Fighter began the quest for the Orb.
     0 | D:1      | Reached XP level 1. HP: 23/23 MP: 1/1
    91 | D:1      | Reached XP level 2. HP: 29/29 MP: 2/2
   151 | D:1      | Found a faded altar of an unknown god.
   277 | D:1      | Became a worshipper of Warmaster Okawaru
   277 | D:1      | Reached * piety under Okawaru
   445 | D:2      | Reached XP level 3. HP: 35/35 MP: 3/3
   618 | D:2      | Reached skill level 1 in Invocations
   707 | D:2      | Found a glowing golden altar of the Shining One.
   771 | D:2      | Reached skill level 1 in Long Blades
   771 | D:2      | Reached skill level 1 in Axes
   771 | D:2      | Reached skill level 1 in Maces & Flails
   771 | D:2      | Reached skill level 1 in Polearms
   771 | D:2      | Reached skill level 1 in Staves
   771 | D:2      | Reached skill level 1 in Slings
   771 | D:2      | Reached skill level 1 in Bows
   771 | D:2      | Reached skill level 1 in Crossbows
   771 | D:2      | Reached skill level 1 in Throwing
   771 | D:2      | Reached skill level 1 in Dodging
   771 | D:2      | Reached skill level 1 in Stealth
   771 | D:2      | Reached skill level 1 in Unarmed Combat
   771 | D:2      | Reached skill level 1 in Spellcasting
   771 | D:2      | Reached skill level 1 in Evocations
   771 | D:2      | Reached XP level 4. HP: 21/41 MP: 2/5
   930 | D:2      | Noticed Jessica
   942 | D:2      | Killed Jessica
   943 | D:2      | Reached skill level 1 in Conjurations
   943 | D:2      | Reached skill level 1 in Hexes
   943 | D:2      | Reached skill level 1 in Summonings
   943 | D:2      | Reached skill level 1 in Necromancy
   943 | D:2      | Reached skill level 1 in Translocations
   943 | D:2      | Reached skill level 1 in Transmutations
   943 | D:2      | Reached skill level 1 in Fire Magic
   943 | D:2      | Reached skill level 1 in Ice Magic
   943 | D:2      | Reached skill level 1 in Air Magic
   943 | D:2      | Reached skill level 1 in Earth Magic
   943 | D:2      | Reached skill level 1 in Poison Magic
  1365 | D:3      | Reached XP level 5. HP: 47/47 MP: 6/6
  1427 | D:3      | Found an iron altar of Okawaru.
  1565 | D:3      | Reached ** piety under Okawaru
  1866 | D:2      | Found a runed translucent door.
  1867 | D:2      | Noticed Crazy Yiuf
  1888 | D:2      | Killed Crazy Yiuf
  2160 | D:3      | Reached XP level 6. HP: 53/53 MP: 8/8
  2502 | D:3      | Found a hazy altar of Hepliaklqana.
  2861 | D:4      | Noticed Robin
  2890 | D:4      | Killed Robin
  2962 | D:4      | Reached skill level 5 in Short Blades
  3117 | D:4      | Found Tonim's Jewellery Emporium.
  3414 | D:5      | Entered Level 5 of the Dungeon
  3543 | D:5      | Reached XP level 7. HP: 56/59 MP: 10/10
  3642 | D:5      | Found a staircase to the Ecumenical Temple.
  3782 | D:5      | Found a sacrificial altar of Ru.
  4116 | D:5      | Found an ornate altar of the Wu Jian Council.
  4762 | D:6      | Noticed Prince Ribbit
  4794 | D:6      | Killed Prince Ribbit
  4794 | D:6      | Reached *** piety under Okawaru
  4795 | D:6      | Reached XP level 8. HP: 67/67 MP: 10/12
  4872 | D:6      | Found a hide-covered altar of Uskayaw.
  4872 | D:6      | Found a snail-covered altar of Cheibriados.
  4872 | D:6      | Found a shimmering blue altar of Sif Muna.
  5357 | D:6      | Noticed Eustachio
  5380 | D:6      | Killed Eustachio
  5612 | D:6      | Noticed a two-headed ogre
  5624 | D:6      | Killed a two-headed ogre
  5624 | D:6      | Reached **** piety under Okawaru
  5625 | D:6      | Reached XP level 9. HP: 48/74 MP: 11/15
  5767 | D:6      | Found a glowing silver altar of Zin.
  5922 | D:6      | Noticed Edmund
  5932 | D:6      | Killed Edmund
  6172 | D:7      | Found an opulent altar of Gozag.
  6414 | D:7      | Received a gift from Okawaru
  6453 | D:7      | Reached skill level 5 in Invocations
  6526 | D:7      | Noticed Menkaure
  6536 | D:7      | Killed Menkaure
  6989 | D:7      | Reached XP level 10. HP: 80/80 MP: 17/17
  7434 | D:8      | Noticed a two-headed ogre
  7445 | D:8      | Killed a two-headed ogre
  7446 | D:8      | Reached skill level 5 in Long Blades
  7446 | D:8      | Reached skill level 5 in Axes
  7446 | D:8      | Reached skill level 5 in Maces & Flails
  7446 | D:8      | Reached skill level 5 in Polearms
  7446 | D:8      | Reached skill level 5 in Staves
  7446 | D:8      | Reached skill level 5 in Slings
  7446 | D:8      | Reached skill level 5 in Bows
  7446 | D:8      | Reached skill level 5 in Crossbows
  7446 | D:8      | Reached skill level 5 in Throwing
  7446 | D:8      | Reached skill level 5 in Dodging
  7446 | D:8      | Reached skill level 5 in Stealth
  7446 | D:8      | Reached skill level 5 in Unarmed Combat
  7446 | D:8      | Reached skill level 5 in Spellcasting
  7446 | D:8      | Reached skill level 5 in Evocations
  7877 | D:8      | Reached ***** piety under Okawaru
  8497 | D:8      | Found a glowing golden altar of the Shining One.
  8927 | D:9      | Noticed a two-headed ogre
  8943 | D:9      | Killed a two-headed ogre
  8943 | D:9      | Received a gift from Okawaru
  9034 | D:9      | Found Vyofupt's Jewellery Shop.
  9095 | D:9      | Received a gift from Okawaru
  9302 | D:9      | Noticed a two-headed ogre
  9311 | D:9      | Killed a two-headed ogre
  9311 | D:9      | Received a gift from Okawaru
  9312 | D:9      | Reached XP level 11. HP: 69/89 MP: 16/19
  9516 | D:9      | Reached skill level 5 in Conjurations
  9516 | D:9      | Reached skill level 5 in Hexes
  9516 | D:9      | Reached skill level 5 in Summonings
  9516 | D:9      | Reached skill level 5 in Necromancy
  9516 | D:9      | Reached skill level 5 in Translocations
  9516 | D:9      | Reached skill level 5 in Transmutations
  9516 | D:9      | Reached skill level 5 in Fire Magic
  9516 | D:9      | Reached skill level 5 in Ice Magic
  9516 | D:9      | Reached skill level 5 in Air Magic
  9516 | D:9      | Reached skill level 5 in Earth Magic
  9516 | D:9      | Reached skill level 5 in Poison Magic
  9535 | D:9      | Received a gift from Okawaru
  9808 | D:9      | Found a staircase to the Lair.
  9884 | D:10     | Entered Level 10 of the Dungeon
  9945 | D:10     | Noticed Nergalle
  9966 | D:10     | Killed Nergalle
 10029 | D:10     | Noticed Erolcha
 10041 | D:10     | Slain by Erolcha

Illustrated notes

Levels and vault maps discovered:
D:1:      dpeg_arrival_stone_temple_mockup, layout_rooms,
          chequers_ecumenical_altar_simple_redux
D:2:      layout_loops_cross, basic_altar, uniq_crazy_yiuf_cottage, uniq_jessica
D:3:      layout_basic, nicolae_hepliaklqana_hippocampus,
          mainiacjoe_overflow_surrounded_room, serial_park_tiny_1
D:4:      layout_gridville, serial_shops, kennysheep_little_box, minivault_23,
          uniq_robin
D:5:      layout_layer_cave, nicolae_wu_jian_immortal_techniques,
          nicolae_overflow_crystal_walls, minmay_temple_entry_proselytizer
D:6:      layout_loops_cross, old_standard_altar,
          gammafunk_temple_overflow_forgotten, uniq_edmund, uniq_eustachio,
          uniq_prince_ribbit1
D:7:      layout_loops_ring, nicolae_gozag_cash_rules_everything_around_me,
          minmay_gold_behind_fungi, minmay_mini_ossuary, uniq_menkaure
D:8:      layout_basic, nicolae_tso_carved_into_rock
D:9:      layout_irregular_city, lair_entry_dummy, serial_shops, shop
D:10:     layout_loops_ring, chequers_serial_rivers_small_3, uniq_sonja,
          uniq_erolcha, uniq_nergalle, uniq_grum

Skill      XL: |  1  2  3  4  5  6  7  8  9 10 11 |
---------------+----------------------------------+-----
Invocations    | 1 2 3 4 5 6 |  6.8
Long Blades    | 1 2 3 4 5 6 |  6.2
Axes           | 1 2 3 4 5 6 |  6.2
Maces & Flails | 1 2 3 4 5 6 |  6.2
Polearms       | 1 2 3 4 5 6 |  6.2
Staves         | 1 2 3 4 5 6 |  6.2
Slings         | 1 2 3 4 5 6 |  6.2
Bows           | 1 2 3 4 5 6 |  6.2
Crossbows      | 1 2 3 4 5 6 |  6.2
Throwing       | 1 2 3 4 5 6 |  6.2
Dodging        | 1 2 3 4 5 6 |  6.2
Stealth        | 1 2 3 4 5 6 |  6.2
Unarmed Combat | 1 2 3 4 5 6 |  6.2
Spellcasting   | 1 2 3 4 5 6 |  6.2
Evocations     | 1 2 3 4 5 6 |  6.2
Conjurations   | 1 2 3 4 5 |  5.1
Hexes          | 1 2 3 4 5 |  5.1
Summonings     | 1 2 3 4 5 |  5.1
Necromancy     | 1 2 3 4 5 |  5.1
Translocations | 1 2 3 4 5 |  5.1
Transmutations | 1 2 3 4 5 |  5.1
Fire Magic     | 1 2 3 4 5 |  5.1
Ice Magic      | 1 2 3 4 5 |  5.1
Air Magic      | 1 2 3 4 5 |  5.1
Earth Magic    | 1 2 3 4 5 |  5.1
Poison Magic   | 1 2 3 4 5 |  5.1
Short Blades   | 5 6 7 |  7.8
Fighting       | 7 8 9 |  9.1
Armour         | 7 8 9 |  9.1
Shields        | 7 8 9 |  9.1

Action                   |  1- 3 |  4- 6 |  7- 9 | 10-12 || total
-------------------------+-------+-------+-------+-------++-------
Melee: Rapier            |    77 |    19 |   137 |   267 ||   500
       Bite              |     6 |    23 |    37 |    23 ||    89
       Short sword       |       |   220 |   191 |       ||   411
Throw: Dart              |       |     4 |    17 |    37 ||    58
Invok: Heroism           |     1 |     2 |     4 |     8 ||    15
  Use: Scroll            |       |     4 |       |     7 ||    11
Armor: Scale mail        |    33 |    77 |   104 |    78 ||   292
Dodge: Dodged            |    13 |    47 |    84 |    81 ||   225
Block: Kite shield       |    30 |   121 |   148 |   189 ||   488
       Reflection        |       |       |     3 |    15 ||    18
